 Dungeon Crawl Stone Soup version 0.27.0-1-g7a089689b8 (webtiles) character file.

Game seed: 10225914136738822093

69 thirtiethelement the Skirmisher (level 4, -2/37 HPs)
             Began as a Demonspawn Abyssal Knight on Aug 14, 2021.
             Was a Follower of Lugonu.
             Slain by Sigmund (8 damage)
             ... on level 2 of the Dungeon.
             The game lasted 00:03:58 (1945 turns).

thirtiethelement the Skirmisher (DsAK)              Turns: 1945, Time: 00:03:58

Health: -2/37      AC:  5    Str: 12    XL:     4   Next: 2%
Magic:  5/5        EV: 11    Int: 14    God:    Lugonu [*.....]
Gold:   68         SH:  0    Dex: 13    Spells: 3/3 levels left

rFire    . . .     SeeInvis .   a - +1 falchion
rCold    . . .     Faith    .   (no shield)
rNeg     . . .     Spirit   .   b - +0 leather armour
rPois    .         Reflect  .   (no helmet)
rElec    .         Harm     .   (no cloak)
rCorr    .         Rampage  .   (no gloves)
Will     .....                  (no boots)
Stlth    +.........             (no amulet)
HPRegen  0.12/turn              (no ring)
MPRegen  0.09/turn              (no ring)

@: no status effects
A: thin metallic scales 1, demonic magic 1
a: Renounce Religion, Depart the Abyss


You were on level 2 of the Dungeon.
You worshipped Lugonu.
Lugonu was aware of your devotion.
You visited 1 branch of the dungeon, and saw 2 of its levels.
You visited the Abyss 1 time.

You collected 68 gold pieces.

Inventory:

Hand Weapons
 a - a +1 falchion (weapon)
 g - a +0 scimitar
Missiles
 l - 2 javelins (quivered)
Armour
 b - a +0 leather armour (worn)
Jewellery
 k - a +4 ring of protection
Wands
 f - a wand of digging (8)
Scrolls
 c - a scroll of enchant armour {unknown}
 d - a scroll of amnesia {unknown}
 e - a scroll of immolation {unknown}
 i - a scroll of identify {unknown}
 j - a scroll of magic mapping {unknown}
 m - a scroll of fog {unknown}
Potions
 h - a potion of ambrosia {unknown}


   Skills:
 + Level 3.6 Fighting
 + Level 2.8 Long Blades
 + Level 0.1 Throwing
 + Level 2.2 Armour
 + Level 1.3 Dodging
 + Level 0.2 Stealth
 + Level 2.4 Invocations


You had 3 spell levels left.
You didn't know any spells.
Your spell library was empty.

Dungeon Overview and Level Annotations

Branches:
Dungeon (2/15)

Altars:
Okawaru

Annotations:
D:2 Sigmund


Innate Abilities, Weirdness & Mutations

You are partially covered in thin metallic scales. (AC +2)
Spells you cast may paralyse adjacent enemies.


Message History

Sigmund gestures at you while chanting. You resist with some effort.
You hit Sigmund.
Sigmund is heavily wounded.
Sigmund closely misses you.
You riposte.
You hit Sigmund.
Sigmund is severely wounded.
You closely miss Sigmund.
Sigmund is severely wounded.
Sigmund casts a spell at you. The magic dart hits you.
You hit Sigmund.
Sigmund is almost dead.
Sigmund mumbles some strange words.
Sigmund flickers and vanishes!
Deactivating autopickup; reactivate with Ctrl-A.
You barely miss something.
You hear some strange, mumbled words.
Something tries to affect you, but you resist.
You closely miss something. Something hits you.
You completely miss something.
You hear some strange, mumbled words.
A magic dart appears from out of thin air!
The magic dart hits you but does no damage.
You barely miss something.
You hear some strange, mumbled words.
A magic dart appears from out of thin air!
The magic dart hits you.
You hear some strange, mumbled words.
A magic dart appears from out of thin air!
The magic dart hits you.
You closely miss something.
You hear some strange, mumbled words.
A puff of flame appears from out of thin air!
The puff of flame misses you.
You barely miss something. Something hits you but does no damage.
You closely miss something. Something hits you.
You closely miss something. Something hits you!
* * * LOW HITPOINT WARNING * * *
You closely miss something. Something hits you!
You die...

## # .# .###
.##.$.#
##......#
.(......#
#..._...# ###
###{......# ....
#..@.....#
.....##.#...####
..........###
.....##.#####
...). #.....#
.....######.#
........# #.#
##.......# #.#
###........# #.#


There were no monsters in sight!

Vanquished Creatures
  Jessica (D:2)
  2 adders (D:2)
  A dart slug (D:1)
  2 ball pythons
  A bat (D:2)
  2 endoplasms
  3 giant cockroaches
  3 hobgoblins
  2 jackals (D:1)
  A quokka (D:2)
  A frilled lizard (D:1)
  A kobold (D:1)
  3 rats
23 creatures vanquished.

Notes
Turn   | Place    | Note
-------+----------+-------------------------------------------
     0 | Abyss:1  | thirtiethelement the Demonspawn Abyssal Knight began the
                  | quest for the Orb.
     0 | Abyss:1  | Reached XP level 1. HP: 18/18 MP: 2/2
   115 | Abyss:1  | Noticed an ancient zyme
   165 | Abyss:2  | Noticed a large abomination
   176 | Abyss:3  | Found a corrupted altar of Lugonu.
   207 | Abyss:3  | Noticed a rakshasa
   209 | D:1      | Escaped the Abyss
   538 | D:1      | Reached skill level 1 in Dodging
   734 | D:1      | Gained mutation: Spells you cast may paralyse adjacent
                  | enemies. [demonic ancestry]
   734 | D:1      | Reached XP level 2. HP: 23/24 MP: 3/3
  1018 | D:1      | Reached * piety under Lugonu
  1591 | D:2      | Noticed Jessica
  1596 | D:2      | Killed Jessica
  1597 | D:2      | Gained mutation: You are partially covered in thin metallic
                  | scales. (AC +2) [demonic ancestry]
  1597 | D:2      | Reached XP level 3. HP: 30/30 MP: 4/4
  1776 | D:2      | Reached XP level 4. HP: 28/37 MP: 5/5
  1924 | D:2      | Found an iron altar of Okawaru.
  1926 | D:2      | Noticed Sigmund
  1945 | D:2      | Slain by Sigmund

Illustrated notes

Levels and vault maps discovered:
D:1:      grunt_arrival_crossed_arrows, layout_basic
D:2:      layout_loops_cross, basic_altar, hangedman_decor_push,
          serial_park_tiny_1, uniq_sigmund, uniq_jessica

Skill      XL: |  1  2 |
---------------+-------+-----
Long Blades    | 2 |  2.8
Dodging        | 1 |  1.3
Armour         | 2 |  2.2
Fighting       | |  3.6
Throwing       | |  0.1
Stealth        | |  0.2
Invocations    | |  2.4

Action                   |  1- 3 |  4- 6 || total
-------------------------+-------+-------++-------
Melee: Scimitar          |    13 |       ||    13
       Falchion          |    49 |    16 ||    65
Throw: Javelin           |     4 |     2 ||     6
Invok: Depart the Abyss  |     1 |       ||     1
 Stab: Sleeping          |     1 |       ||     1
Armor: Leather armour    |    13 |     4 ||    17
Dodge: Dodged            |    49 |     2 ||    51
       Rpst.: Scimitar   |     4 |       ||     4
       Falchion          |     8 |     1 ||     9
